 Dungeon Crawl Stone Soup version 0.27-a0-695-gb4952372f7 (webtiles) character file.

Game seed: 6374442765336080402

301 harryhousin the Chopper (level 6, 0/52 HPs)
             Began as a Minotaur Fighter on Mar 21, 2021.
             Slain by an orc wizard
             ... wielding a +0 dagger
              (1 damage)
             ... on level 4 of the Dungeon.
             The game lasted 00:11:53 (2294 turns).

harryhousin the Chopper (Minotaur Fighter)          Turns: 2294, Time: 00:11:53

Health: 0/52       AC:  9    Str: 23    XL:     6   Next: 14%
Magic:  0/5        EV:  8    Int:  5    God:
Gold:   40         SH: 10    Dex:  9    Spells: 5/5 levels left

rFire    . . .     SeeInvis .   a - +0 war axe
rCold    . . .     Faith    .   c - +0 kite shield
rNeg     . . .     Spirit   +   b - +0 scale mail
rPois    .         Reflect  .   (helmet restricted)
rElec    .         Harm     .   e - +0 cloak
rCorr    .         Rampage  .   o - +0 pair of gloves
Will     .....                  (no boots)
Stlth    ..........             i - amulet of guardian spirit
HPRegen  0.17/turn              (no ring)
MPRegen  0.09/turn              (no ring)

@: no status effects
A: horns 2, retaliatory headbutt
a: no special abilities


You were on level 4 of the Dungeon.
You visited 1 branch of the dungeon, and saw 4 of its levels.

You collected 98 gold pieces.
You spent 58 gold pieces at shops.

Inventory:

Hand Weapons
 a - a +0 war axe (weapon)
Armour
 b - a +0 scale mail (worn)
 c - a +0 kite shield (worn)
 e - a +0 cloak (worn)
 o - a +0 pair of gloves (worn)
Jewellery
 i - an amulet of guardian spirit (around neck)
Scrolls
 h - a scroll of brand weapon {unknown}
 k - 2 scrolls of amnesia {unknown}
 m - a scroll of magic mapping {unknown}
 n - a scroll of immolation {unknown}
Potions
 d - a potion of might
 f - a potion of heal wounds {unknown}
 g - a potion of degeneration {unknown}
 j - a potion of berserk rage {unknown}
 l - a potion of flight {unknown}


   Skills:
 + Level 4.2 Fighting
 + Level 5.3 Axes
 + Level 5.0 Armour
 + Level 1.7 Dodging
 + Level 4.9 Shields


You had 5 spell levels left.
You didn't know any spells.
Your spell library was empty.

Dungeon Overview and Level Annotations

Branches:
Dungeon (4/15)
 Temple: D:4-7

Altars:
Vehumet

Shops:
D:1 =   D:3 [


Innate Abilities, Weirdness & Mutations

You have a pair of horns on your head.
You reflexively headbutt those who attack you in melee.


Message History

You block the giant cockroach zombie's attack.
Something hits you. x2
* * * LOW HITPOINT WARNING * * *
You slash something!
Reactivating autopickup.
You feel a bit more experienced.
You slash the giant cockroach zombie! You closely miss something.
The giant cockroach zombie barely misses you.
Something hits you.
* * * LOW HITPOINT WARNING * * *
Deactivating autopickup; reactivate with Ctrl-A.
You block the giant cockroach zombie's attack.
You hear some strange, mumbled words.
A magic dart appears from out of thin air!
The magic dart hits you.
* * * LOW HITPOINT WARNING * * *
You hit something but do no damage.
You hit the giant cockroach zombie but do no damage.
The giant cockroach zombie bites you but does no damage.
Something hits you but does no damage.
You hit something but do no damage. Your headbutt misses something.
You hit the giant cockroach zombie.
You destroy the giant cockroach zombie!
Something hits you but does no damage.
You hear some strange, mumbled words.
A magic dart appears from out of thin air!
The magic dart hits you!
* * * LOW HITPOINT WARNING * * *
You hit something. Your headbutt misses something.
You hear some strange, mumbled words.
Something tries to affect you, but you resist.
You closely miss something. Something hits you but does no damage.
Something hits you.
* * * LOW HITPOINT WARNING * * *
You hit something. Something hits you.
You miss something. Your headbutt misses something.
You hear some strange, mumbled words.
A puff of flame appears from out of thin air!
The puff of flame misses you. Something hits you.
You die...

.# .## .##.#.. ...
..#...... ...#
..#....# ..#..
#..#...###
.#...##...#....##
#..........#....#.
#........)).......
#......†.@).......
##.......{.......
.............#.##
..#.......)..#.# .
#......)[....#
..............#
.#.............#
#.............#
..............+


There were no monsters in sight!

Vanquished Creatures
  A howler monkey (D:4)
  An orc wizard (D:4)
  Natasha (thrice) (D:2)
  7 adders
  An ooze (D:1)
  2 worms (D:3)
  A dart slug (D:1)
  2 leopard geckos
  8 orcs
  3 giant cockroaches
  12 goblins
  8 hobgoblins
  2 jackals (D:2)
  2 quokkas
  4 ball pythons (D:2)
  10 bats
  5 frilled lizards
  A giant cockroach zombie (D:4)
  5 kobolds
  10 rats
88 creatures vanquished.

Vanquished Creatures (others)
  A worm (D:2)
  4 plants (D:3)
  3 withered plants (D:4)
8 creatures vanquished.

Grand Total: 96 creatures vanquished

Notes
Turn   | Place    | Note
-------+----------+-------------------------------------------
     0 | D:1      | harryhousin the Minotaur Fighter began the quest for the
                  | Orb.
     0 | D:1      | Reached XP level 1. HP: 19/19 MP: 0/0
    69 | D:1      | Reached XP level 2. HP: 22/27 MP: 1/1
    73 | D:1      | Found Heniw's Jewellery Boutique.
   457 | D:1      | Reached XP level 3. HP: 27/33 MP: 2/2
   727 | D:2      | Noticed Natasha
   733 | D:2      | Killed Natasha
   738 | D:2      | Noticed Natasha
   739 | D:2      | Reached XP level 4. HP: 28/40 MP: 3/3
   746 | D:2      | Killed Natasha
   806 | D:2      | Noticed Natasha
   816 | D:2      | Killed Natasha
   863 | D:2      | Reached XP level 5. HP: 41/46 MP: 4/4
  1013 | D:2      | Found a radiant altar of Vehumet.
  1079 | D:2      | Reached skill level 1 in Dodging
  1718 | D:3      | Found Batsuila's Armour Shop.
  1726 | D:3      | Bought a +0 pair of gloves for 58 gold pieces
  1917 | D:3      | Reached skill level 5 in Armour
  2265 | D:4      | Reached skill level 5 in Axes
  2265 | D:4      | Reached XP level 6. HP: 30/52 MP: 5/5
  2290 | D:4      | HP: 2/52 [something/magic dart (8)]
  2294 | D:4      | Slain by an orc wizard

Illustrated notes

Levels and vault maps discovered:
D:1:      doesnt_arrival_eight_statues, layout_loops_cross, serial_shops,
          shop_statue, minmay_cupped
D:2:      layout_rooms, fiery_altar_vehumet, minmay_shallow_snake_nest,
          uniq_natasha
D:3:      layout_basic, serial_forest, infiniplex_forest_corner_1,
          infiniplex_forest_lined_2, infiniplex_forest_clump_curved,
          infiniplex_forest_straight_2, infiniplex_forest_clump_tiny,
          infiniplex_forest_clump_C, infiniplex_forest_clump_medium,
          infiniplex_forest_lined_4_way, infiniplex_forest_lined_corner,
          serial_shops, shop, minmay_goblin_outpost
D:4:      layout_cave_pools, serial_undead, serial_undead_e, serial_undead_b,
          serial_undead_c, serial_undead_f, minivault_26,
          kennysheep_small_spiral, uniq_robin, uniq_eustachio

Skill      XL: |  1  2  3  4  5 |
---------------+----------------+-----
Armour         | 4 5 |  5.0
Shields        | 4 |  4.9
Fighting       | 4 |  4.2
Axes           | 3 4 5 |  5.3
Dodging        | 1 |  1.7

Action                   |  1- 3 |  4- 6 || total
-------------------------+-------+-------++-------
Melee: War axe           |    51 |   130 ||   181
       Headbutt          |     9 |    15 ||    24
Armor: Scale mail        |    26 |    76 ||   102
Dodge: Dodged            |    23 |    58 ||    81
Block: Kite shield       |    48 |    89 ||   137

Table legend: (Time is in decaauts)
 A = Elapsed time spent in this place.
 B = Non-inter-level travel time spent in this place.
 C = Inter-level travel time spent in this place.
 D = Time resting spent in this place.
 E = Time spent auto-exploring this place.
 F = Levels seen in this place.
 G = Mean time per level.
                   A        B        C        D        E       F      G
               +--------+--------+--------+--------+--------+-----+--------+
         Total |   2386 |   2346 |     40 |     45 |   1463 |   4 |  596.5 |
       Dungeon |   2386 |   2346 |     40 |     45 |   1463 |   4 |  596.5 |
               +--------+--------+--------+--------+--------+-----+--------+

Top non-repeatable levels by time:
     D:3: 968 daAuts
     D:1: 753 daAuts
     D:2: 606 daAuts
     D:4: 57 daAuts
